 Dungeon Crawl Stone Soup version 0.19.5 (webtiles) character file.

28 tidbits the Magician (level 2, 0/18 HPs)
             Began as a High Elf Wanderer on Oct 29, 2017.
             Killed from afar by Natasha (8 damage)
             ... with a magic dart
             ... on level 2 of the Dungeon.
             The game lasted 00:04:33 (588 turns).

tidbits the Magician (High Elf Wanderer)             Turns: 588, Time: 00:04:33

Health: 0/18       AC:  2    Str:  9    XL:     2   Next: 96%
Magic:  5/6        EV: 11    Int: 17    God:
Gold:   13         SH:  0    Dex: 14    Spells: 3 memorised, 1 level left

rFire  . . .     SeeInvis .     a - +0 quarterstaff
rCold  . . .     Gourm    .     d - +0 robe
rNeg   . . .     Faith    .     (shield currently unavailable)
rPois  .         Spirit   .     (no helmet)
rElec  .         Reflect  .     (no cloak)
rCorr  .         Harm     .     (no gloves)
MR     .....                    (no boots)
Stlth  +.........               (no amulet)
                                (no ring)
                                (no ring)

@: repel missiles
A: no striking features
a: no special abilities


You were on level 2 of the Dungeon.
You were not hungry.

You visited 1 branch of the dungeon, and saw 2 of its levels.

You collected 13 gold pieces.

Inventory:

Hand Weapons
 a - a +0 quarterstaff (weapon)
Missiles
 i - 10 stones (quivered)
Armour
 d - a +0 robe (worn)
 e - a +0 ring mail
   (You took it off a hobgoblin on level 1 of the Dungeon)
 k - a +0 buckler
   (You found it on level 2 of the Dungeon)
Scrolls
 h - a scroll of recharging {unknown}
 m - a scroll of random uselessness {unknown}
Potions
 g - 2 potions of cure mutation {unknown}
 l - a potion of magic {unknown}
Books
 b - the Collected Works on the Traveller

   Spells                             Type                      Level
   a - Apportation                    Translocation                1
   b - Gell's Gravitas                Hexes/Translocation          3
 c - a book of Air

   Spells                             Type                      Level
   a - Shock                          Conjuration/Air              1
   b - Swiftness                      Charms/Air                   2
   c - Repel Missiles                 Charms/Air                   2
   d - Static Discharge               Conjuration/Air              3
   e - Lightning Bolt                 Conjuration/Air              5
Comestibles
 f - a bread ration
 j - a meat ration


   Skills:
 - Level 1.0 Fighting
 - Level 2.0 Staves
 - Level 1.0 Throwing
 - Level 1.0 Shields
 + Level 2.7 Spellcasting
 * Level 1.8 Conjurations
   Level 2.0 Ice Magic
 * Level 2.4 Air Magic


You had one spell level left.
You knew the following spells:

 Your Spells              Type           Power        Failure   Level  Hunger
a - Shock                 Conj/Air       #...         10%         1    #......
m - Repel Missiles        Chrm/Air       #.....       21%         2    ##.....
W - Swiftness             Chrm/Air       #.......     21%         2    ##.....


Dungeon Overview and Level Annotations

Branches:
Dungeon (2/15)

Altars:

Annotations:
D:2 Natasha


Message History

Aiming: Shock
Press: ? - help, Shift-Dir - straight line The zap hits the ball python.
The ball python is moderately wounded.
The zap hits the adder.
The adder is moderately wounded.
The zap hits the adder.
The adder is heavily wounded.
The zap hits the ball python.
You kill the ball python!
Casting: Shock
Confirm with . or Enter, or press ? or * to list all spells.
Aiming: Shock
Press: ? - help, Shift-Dir - straight line The zap misses the adder.
The zap hits the adder.
The adder is heavily wounded.
The adder bites you. The adder barely misses you.
Casting: Shock
Confirm with . or Enter, or press ? or * to list all spells.
Aiming: Shock
Press: ? - help, Shift-Dir - straight line The zap hits the adder.
The adder is severely wounded.
The zap hits the adder.
You kill the adder!
Things that are here:
an adder corpse; a ball python corpse You swing at nothing.
You swing at nothing.
You swing at nothing.
You swing at nothing.
Your magical contamination has completely faded away.
You swing at nothing.
You swing at nothing.
You swing at nothing.
You swing at nothing.
You swing at nothing.
You swing at nothing.
You swing at nothing.
You swing at nothing.
You swing at nothing.
You swing at nothing.
You swing at nothing.
You swing at nothing.
You swing at nothing.
You swing at nothing.
You swing at nothing.
You swing at nothing.
You swing at nothing.
You swing at nothing.
You swing at nothing.
You swing at nothing.
You swing at nothing.
You swing at nothing.
You swing at nothing.
You swing at nothing.
You swing at nothing.
You swing at nothing.
You swing at nothing.
You swing at nothing.
You swing at nothing.
You swing at nothing.
Found a scroll labeled KEUNYGE OCHOARR.
Wield which item (- for none, * to show all)? (? for menu, Esc to quit)
You are already wielding that!
Found a scroll labeled KUOZYSTRUVOV.
You see here a scroll labeled KEUNYGE OCHOARR.
m - a scroll labeled KEUNYGE OCHOARR A kobold comes into view.
It is wielding a whip.
Casting: Shock
Confirm with . or Enter, or press ? or * to list all spells.
Aiming: Shock
Press: ? - help, Shift-Dir - straight line, f - kobold
Aim: a kobold, wielding a whip (hasn't noticed you)
The zap hits the kobold.
The kobold is severely wounded.
The kobold shouts!
The kobold throws a stone.
The stone hits you but does no damage.
Casting: Shock
Confirm with . or Enter, or press ? or * to list all spells.
Aiming: Shock
Press: ? - help, Shift-Dir - straight line, f/p - kobold
Aim: a kobold, wielding a whip (severely wounded)
The zap hits the kobold.
You kill the kobold!
i - 10 stones (gained 1)
A kobold comes into view. It is wielding a short sword.
The kobold shouts!
Natasha, Servant of Life and Death comes into view.
Natasha hisses angrily.
A bat comes into view.
The bat moves out of view.
Natasha casts a spell at you. The magic dart hits you!
* * * LOW HITPOINT WARNING * * *
A leopard gecko comes into view.
Found 12 gold pieces.
Natasha stares at you and mumbles some strange words.
The magic dart hits you!
You die...

####### .######### ......#
....l$.@.#####
#####.###########.#...
#.##.#.[...#####.#.##
#....#.##........h.h#
#.####.##..#####.###.)?....
#.##....†..# #.K. .#.#.#.
#.#..#.#.#.# ####..h.....
#.)........# .#.#.#.
####.#.#.#.# .......


You could see Natasha, a leopard gecko (sleeping) and a kobold.

Vanquished Creatures
  An adder (D:2)
  A giant cockroach (D:2)
  3 goblins (D:1)
  2 hobgoblins (D:1)
  3 jackals (D:1)
  A ball python (D:2)
  2 bats
  2 kobolds (D:2)
  2 rats (D:1)
17 creatures vanquished.

Notes
Turn   | Place    | Note
-------+----------+-------------------------------------------
     0 | D:1      | tidbits the High Elf Wanderer began the quest for the Orb.
     0 | D:1      | tidbits set off with: a book of Air, the Collected Works on the Traveller, a +0 quarterstaff, a +0 robe, a bread ration
     0 | D:1      | Reached XP level 1. HP: 13/13 MP: 4/4
     0 | D:1      | Identified the Collected Works on the Traveller
     2 | D:1      | Learned a level 1 spell: Shock
   150 | D:1      | Reached skill level 1 in Conjurations
   227 | D:1      | Reached XP level 2. HP: 17/18 MP: 2/6
   231 | D:1      | Learned a level 2 spell: Repel Missiles
   234 | D:1      | Learned a level 2 spell: Swiftness
   519 | D:2      | Reached skill level 2 in Air Magic
   583 | D:2      | Noticed Natasha
   588 | D:2      | Killed from afar by Natasha

Skill      XL: |  1  2 |
---------------+-------+-----
Conjurations   | 1 |  1.8
Air Magic      | 2 |  2.4
Fighting       | |  1.0
Staves         | |  2.0
Throwing       | |  1.0
Shields        | |  1.0
Spellcasting   | |  2.7
Ice Magic      | |  2.0

Action                   || total
-------------------------++-------
Melee: Quarterstaff      ||    11
 Cast: Shock             ||    33
       Repel Missiles    ||     1
Armor: Robe              ||     5
Dodge: Dodged            ||    19

Table legend:
 A = Turns spent in this place as a percentage of turns spent in the entire game.
 B = Non-inter-level travel turns spent in this place as a percentage of non-inter-level travel turns spent in the entire game.
 C = Inter-level travel turns spent in this place as a percentage of turns spent in this place.
 D = Turns resting spent in this place as a percentage of non-inter-level travel turns spent in this place.
 E = Turns spent auto-exploring this place as a percentage of non-inter-level travel turns spent in this place.
 F = Non-inter-level travel turns spent in this place divided by the number of levels of this place that you've seen.
                   A       B       C       D       E      F
               +-------+-------+-------+-------+-------+----------------------
         Total | 100.0 | 100.0 |   0.0 |   0.0 |   0.0 | 293.5
       Dungeon | 100.0 | 100.0 |   0.0 |   0.0 |   0.0 | 293.5
               +-------+-------+-------+-------+-------+----------------------

Table legend:
 A = Kills in this place as a percentage of kills in entire the game.
 B = Kills by you in this place as a percentage of kills by you in the entire game.
 C = Kills by friends in this place as a percentage of kills by friends in the entire game.
 D = Other kills in this place as a percentage of other kills in the entire game.
 E = Experience gained in this place as a percentage of experience gained in the entire game.
 F = Experience gained in this place divided by the number of levels of this place that you have seen.
                   A       B       C       D       E      F
               +-------+-------+-------+-------+-------+----------------------
         Total | 100.0 | 100.0 |  -nan |  -nan | 100.0 |  20.0
       Dungeon | 100.0 | 100.0 |  -nan |  -nan | 100.0 |  20.0
               +-------+-------+-------+-------+-------+----------------------

Vault maps used:
D:1:      minmay_arrival_shoal_huts
D:2:      lemuel_doored_altar, nicolae_gozag_zags_fifth_avenue,
          lemuel_round_altar, first_bread, serial_glass, glass_columns_b,
          glass_columns_b, glass_columns_b, uniq_natasha
